 Dungeon Crawl Stone Soup version 0.20-a0-274-g7b51309 (webtiles) character file.

94 AlphabetPasta the Digger (level 4, -1/39 HPs)
             Began as a Troll Wanderer on Dec 10, 2016.
             Slain by Grinder (2 damage)
             ... on level 3 of the Dungeon.
             The game lasted 00:10:27 (1741 turns).

AlphabetPasta the Digger (Troll Wanderer)           Turns: 1741, Time: 00:10:30

Health: -1/39      AC:  6    Str: 20    XL:     4   Next: 38%
Magic:  0/5        EV:  9    Int:  9    God:
Gold:   202        SH:  0    Dex:  9    Spells: 1/6 levels left

rFire  . . .     SeeInvis .       - Unarmed
rCold  . . .     Gourm    +     d - +1 robe
rNeg   . . .     Faith    .     (no shield)
rPois  .         Spirit   .     l - +0 hat {MR+}
rElec  .         Reflect  .     (no cloak)
rCorr  +         Harm     .     (gloves unavailable)
MR     +....                    (boots unavailable)
Stlth  +.........               (no amulet)
                                (no ring)
                                c - ring of resist corrosion

@: no status effects
A: unfitting armour, claws 3, fast metabolism 3, gourmand, regeneration 1,
shaggy fur 1, tough skin 2
a: no special abilities


You were on level 3 of the Dungeon.
You were very full.

You visited 1 branch of the dungeon, and saw 3 of its levels.

You collected 202 gold pieces.

Inventory:

Hand Weapons
 e - a +0 club
Missiles
 b - 87 stones (quivered)
Armour
 d - a +1 robe (worn)
 l - a +0 hat of magic resistance (worn)
Jewellery
 c - a ring of resist corrosion (left claw)
 j - an uncursed ring of ice
Scrolls
 h - 2 scrolls of enchant armour
 p - a scroll of fear
 q - a scroll of remove curse
 r - a scroll of recharging
 u - a scroll of teleportation
Potions
 i - a potion of agility {unknown}
 k - a potion of degeneration {unknown}
 m - a potion of brilliance {unknown}
 o - a potion of magic {unknown}
 s - a potion of flight {unknown}
 t - a potion of might {unknown}
Books
 a - a book of Geomancy

   Spells                             Type                      Level
   a - Sandblast                      Earth                        1
   b - Passwall                       Transmutation/Earth          2
   c - Stone Arrow                    Conjuration/Earth            3
   d - Petrify                        Transmutation/Earth          4
   e - Lee's Rapid Deconstruction     Earth                        5
Comestibles
 f - 4 bread rations
 n - 2 fruits


   Skills:
 - Level 1.7 Throwing
 + Level 1.6 Unarmed Combat
 * Level 1.8 Spellcasting
 + Level 0.4 Conjurations
   Level 2.1 Fire Magic
 * Level 4.2 Earth Magic


You had one spell level left.
You knew the following spells:

 Your Spells              Type           Power        Failure   Level  Hunger
a - Sandblast             Erth           #.....       8%          1    ##.....
b - Sting                 Conj/Pois      #...         34%         1    ##.....
c - Stone Arrow           Conj/Erth      #.....       43%         3    ####...


Dungeon Overview and Level Annotations

Branches:
Dungeon (3/15)

Altars:

Annotations:
D:3 Grinder


Innate Abilities, Weirdness & Mutations

You are too large for most types of armour.
You have claws for hands.
Your metabolism is lightning-fast.
You like to eat raw meat.
Your natural rate of healing is unusually fast.
You are covered in fur. (AC +1)
You have very tough skin. (AC +2)


Message History

* * * LOW HITPOINT WARNING * * *
You feel better. Grinder barely misses you.
You closely miss Grinder.
Grinder is almost dead.
Grinder gestures at you. Pain shoots through your body!
* * * LOW HITPOINT WARNING * * *
Your magical contamination has completely faded away.
Casting: Sandblast
Confirm with . or Enter, or press ? or * to list all spells.
Aiming: Sandblast
Press: ? - help, Shift-Dir - straight line, f/p - Grinder
Aim: Grinder (almost dead)
The blast of sand hits Grinder.
Grinder is almost dead.
Grinder says, "FISH!"
Grinder hits you!
* * * LOW HITPOINT WARNING * * *
You writhe in agony.
You die...

#.#.# ...# #.#.# #...
#.#.#### #..# .......#
## #.<# ..#.##.# .. #..#
.##.##.# ###.#. ###..#
....##.##.....#.
##.#..#####.# .##......#
###.####.#.#........
.##.##.#.#
#..5@...###.########
.......#.# #.#.####.#.##
###.##.#.###..[....##.##
###.##........#. #.##.#
.........###.##. #....#
....##.####.. .. #..###
....##.# #. ## #..#
....##.# #..#####..#
....##.# ..(....>..##


You could see Grinder.

Vanquished Creatures
  5 adders (D:2)
  A dart slug (D:1)
  2 leopard geckos
  A ball python (D:2)
  3 giant cockroaches
  3 goblins
  4 hobgoblins
  6 kobolds
  11 bats
  4 frilled lizards
  10 rats
50 creatures vanquished.

Vanquished Creatures (others)
  5 toadstools (D:1)
5 creatures vanquished.

Grand Total: 55 creatures vanquished

Notes
Turn   | Place    | Note
-------+----------+-------------------------------------------
     0 | D:1      | AlphabetPasta the Troll Wanderer began the quest for the Orb.
     0 | D:1      | AlphabetPasta set off with: a book of Geomancy, the Guide on Confrontation, the Papyrus of Darkness, a +0 robe, a +0 club, 2 bread rations
     0 | D:1      | Reached XP level 1. HP: 16/16 MP: 1/1
     0 | D:1      | Identified the Guide on Confrontation
     0 | D:1      | Identified the Papyrus of Darkness
     2 | D:1      | Learned a level 1 spell: Sandblast
     4 | D:1      | Learned a level 1 spell: Sting
   284 | D:1      | Reached XP level 2. HP: 24/24 MP: 2/2
   551 | D:1      | Reached skill level 1 in Unarmed Combat
   765 | D:2      | Reached XP level 3. HP: 30/31 MP: 1/4
   825 | D:2      | Reached skill level 4 in Earth Magic
  1176 | D:2      | Learned a level 3 spell: Stone Arrow
  1207 | D:2      | Reached XP level 4. HP: 30/39 MP: 0/5
  1713 | D:3      | Noticed Grinder
  1718 | D:3      | Paralysed by Grinder for 5 turns
  1741 | D:3      | HP: 1/39 [Grinder (8)]
  1741 | D:3      | Slain by Grinder

Vault maps used:
D:1:      ldierk_walled_garden, minivault_19, st_stairs_8, nrook_loot_triangle
D:2:      wad_river_or_something, grunt_decor_fettered
D:3:      lemuel_doored_altar, first_bread, uniq_grinder

Skill      XL: |  1  2  3 |
---------------+----------+-----
Unarmed Combat | 1 |  1.6
Earth Magic    | 4 |  4.2
Throwing       | |  1.7
Spellcasting   | |  1.8
Conjurations   | |  0.4
Fire Magic     | |  2.1

Action                   |  1- 3 |  4- 6 || total
-------------------------+-------+-------++-------
Melee: Unarmed           |    70 |    40 ||   110
       Club              |     2 |       ||     2
Throw: Stone             |     2 |       ||     2
 Cast: Sandblast         |    21 |    10 ||    31
  Use: Scroll            |     6 |     1 ||     7
       Potion            |       |     1 ||     1
 Stab: Distracted        |     1 |       ||     1
       Sleeping          |     1 |       ||     1
  Eat: Chunk             |    17 |     5 ||    22
Armor: Robe              |    44 |    23 ||    67
Dodge: Dodged            |    38 |    16 ||    54
